ACL
ACL CHICAGO (N) CUBS @ ACL WASHINGTON NATIONALS
04/26/2042
 
TOP OF THE 1ST
ACL Chicago (N) Cubs batting - Pitching for ACL Washington Nationals : LHP Jim Unknown
Pitching: LHP Jim Unknown
Batting: RHB Dave Jones 0-0: Ball
1-0: Bunted foul
1-1: Swinging Strike
1-2: Ball
2-2: Strikes out looking
Batting: RHB Alfredo Durán 0-0: Ball
1-0: Ground out 6-3 (Groundball, 6D, EV 101.9 MPH)
Batting: RHB Josh Belcher 0-0: Hit by Pitch
Batting: RHB José Valdés 0-0: Ball
1-0: Called Strike
1-1: Swinging Strike
1-2: Ball
2-2: Fly out, F7 (Flyball, 7, EV 76.9 MPH)
Top of the 1st over - 0 runs, 0 hits, 0 errors, 1 left on base; ACL Chicago (N) 0 - ACL Washington 0
BOTTOM OF THE 1ST
ACL Washington Nationals batting - Pitching for ACL Chicago (N) Cubs : RHP Jim Unknown
Pitching: RHP Jim Unknown
Batting: RHB Beau Johnston 0-0: Hit by Pitch
Batting: LHB Dave Richardson 0-0: Ball
1-0: Ball
2-0: Ball
3-0: Called Strike
3-1: SINGLE (Line Drive, 7S, EV 95.6 MPH)
Beau Johnston to second
Batting: SHB Miguel Angel Flores 0-0: Ball
1-0: Bunt missed!
1-1: Bunted foul
1-2: SINGLE (Line Drive, 8LS, EV 95.0 MPH)
Beau Johnston to third
Dave Richardson to second
Runner from 3rd tries for Home, SAFE, throw by CF to home
Batting: RHB Tim Richardson 0-0: Ball
1-0: Ball
2-0: Called Strike
2-1: Grounds into double play, 1-4-3 (Groundball, 15S, EV 66.3 MPH)
Dave Richardson to third
Batting: LHB Mike Vinson 0-0: Ball
1-0: Fly out, F9 (Flyball, 9, EV 86.3 MPH)
Bottom of the 1st over - 1 run, 2 hits, 0 errors, 1 left on base; ACL Chicago (N) 0 - ACL Washington 1
TOP OF THE 2ND
ACL Chicago (N) Cubs batting - Pitching for ACL Washington Nationals : LHP Jim Unknown
Batting: SHB Juan Martínez 0-0: Called Strike
0-1: Ball
1-1: Foul Ball, location: 3F
1-2: Ball
2-2: Ball
3-2: Ground out 6-3 (Groundball, P, EV 82.5 MPH)
Batting: LHB Víctor Rodríguez 0-0: Called Strike
0-1: Ball
1-1: Foul Ball, location: 2LF
1-2: Ground out 6-3 (Groundball, 6, EV 83.8 MPH)
Batting: RHB Sergio Vargas 0-0: Called Strike
0-1: Ball
1-1: Foul Ball, location: 2F
1-2: Ball
2-2: Foul Ball, location: 5FF
2-2: Ball
3-2: Base on Balls
Batting: SHB António González 0-0: Called Strike
0-1: Ball
1-1: Ball
2-1: Ball
3-1: Base on Balls
Sergio Vargas to second
Batting: RHB Jim Unknown 0-0: Ball
1-0: Called Strike
1-1: Ball
2-1: Ball
3-1: Called Strike
3-2: Foul Ball, location: 9LMF
3-2: Ground out 6-3 (Groundball, 6, EV 87.5 MPH)
Top of the 2nd over - 0 runs, 0 hits, 0 errors, 2 left on base; ACL Chicago (N) 0 - ACL Washington 1
BOTTOM OF THE 2ND
ACL Washington Nationals batting - Pitching for ACL Chicago (N) Cubs : RHP Jim Unknown
Batting: RHB Matt Picard 0-0: Ball
1-0: Foul Ball, location: 23FF
1-1: Called Strike
1-2: Ground out 3-1 (Groundball, 13, EV 88.8 MPH)
Batting: RHB Lou Turner 0-0: Called Strike
0-1: Foul Ball, location: 7LDF
0-2: Ball
1-2: Ball
2-2: Fly out, F5 (Line Drive, 5, EV 68.8 MPH)
Batting: SHB Andy Martin 0-0: Ball
1-0: Ball
2-0: Called Strike
2-1: Ground out U3 (Groundball, 3L, EV 81.9 MPH)
Bottom of the 2nd over - 0 runs, 0 hits, 0 errors, 0 left on base; ACL Chicago (N) 0 - ACL Washington 1
TOP OF THE 3RD
ACL Chicago (N) Cubs batting - Pitching for ACL Washington Nationals : LHP Jim Unknown
Batting: RHB Dave Jones 0-0: Ball
1-0: Hit by Pitch
Batting: RHB Alfredo Durán 0-0: Bunt missed!
0-1: Bunted foul
0-2: Ball
1-2: TRIPLE (Flyball, 9LD, EV 95.6 MPH)
Dave Jones scores
Batting: RHB Josh Belcher 0-0: Ball
1-0: Ball
2-0: Ball
3-0: Called Strike
3-1: Base on Balls
Batting: RHB José Valdés 0-0: Swinging Strike
0-1: Foul Ball, location: 2F
0-2: Strikes out looking
Batting: SHB Juan Martínez 0-0: SINGLE (Groundball, 6MD, EV 97.5 MPH)
Alfredo Durán scores
Josh Belcher to second
Runner from 2nd tries for 3rd, SAFE, throw by CF made to third
Batting: LHB Víctor Rodríguez 0-0: Ball
1-0: Ball
2-0: Swinging Strike
2-1: Grounds into double play, 4-6-3 (Groundball, 4, EV 86.3 MPH)
Top of the 3rd over - 2 runs, 2 hits, 0 errors, 1 left on base; ACL Chicago (N) 2 - ACL Washington 1
BOTTOM OF THE 3RD
ACL Washington Nationals batting - Pitching for ACL Chicago (N) Cubs : RHP Jim Unknown
Batting: RHB Jim Unknown 0-0: Foul Ball, location: 2F
0-1: Ball
1-1: Fly out, F9 (Flyball, 9S, EV 91.3 MPH)
Batting: RHB Beau Johnston 0-0: SINGLE (Line Drive, 8LS, EV 101.3 MPH)
Batting: LHB Dave Richardson 0-0: Ball
1-0: Foul Ball, location: 3F
1-1: Ball
2-1: Foul Ball, location: 2F
2-2: DOUBLE (Flyball, 8RD, EV 103.1 MPH)
Beau Johnston to third
Batting: SHB Miguel Angel Flores 0-0: Swinging Strike
0-1: Fly out, F8 (Flyball, 8RM, EV 91.9 MPH)
Runner from 3rd tags up, SCORES, throw by CF
Dave Richardson to third
Batting: RHB Tim Richardson 0-0: Swinging Strike
0-1: Swinging Strike
0-2: Strikes out swinging
Bottom of the 3rd over - 1 run, 2 hits, 0 errors, 1 left on base; ACL Chicago (N) 2 - ACL Washington 2
TOP OF THE 4TH
ACL Chicago (N) Cubs batting - Pitching for ACL Washington Nationals : LHP Jim Unknown
Batting: RHB Sergio Vargas 0-0: Swinging Strike
0-1: Ball
1-1: Foul Ball, location: 9LSF
1-2: Strikes out swinging
Batting: SHB António González 0-0: Ball
1-0: Foul Ball, location: 9LMF
1-1: Swinging Strike
1-2: Strikes out swinging
Batting: RHB Jim Unknown 0-0: Swinging Strike
0-1: Ball
1-1: Ball
2-1: Foul Ball, location: 2F
2-2: Ball
3-2: Foul Ball, location: 2F
3-2: DOUBLE (Groundball, 3L, EV 102.5 MPH) - OUT at third base trying to stretch hit.
Top of the 4th over - 0 runs, 1 hit, 0 errors, 0 left on base; ACL Chicago (N) 2 - ACL Washington 2
BOTTOM OF THE 4TH
ACL Washington Nationals batting - Pitching for ACL Chicago (N) Cubs : RHP Jim Unknown
Batting: LHB Mike Vinson 0-0: Ground out 1-3 (Groundball, 34S, EV 68.1 MPH)
Batting: RHB Matt Picard 0-0: Ball
1-0: Swinging Strike
1-1: Ball
2-1: Called Strike
2-2: Foul Ball, location: 3FF
2-2: Ball
3-2: Base on Balls
Batting: RHB Lou Turner 0-0: Ball
1-0: Ball
2-0: Foul Ball, location: 3FF
2-1: Ball
3-1: Base on Balls
Matt Picard to second
Batting: SHB Andy Martin 0-0: Called Strike
0-1: Foul Ball, location: 2F
0-2: Ball
1-2: Foul Ball, location: 5SF
1-2: Foul Ball, location: 7LSF
1-2: Ball
2-2: Foul Ball, location: 2F
2-2: Ball
3-2: Base on Balls
Matt Picard to third
Lou Turner to second
Batting: RHB Jim Unknown 0-0: Ball
1-0: Called Strike
1-1: Ball
2-1: Ball
3-1: Base on Balls
Matt Picard scores
Lou Turner to third
Andy Martin to second
Batting: RHB Beau Johnston 0-0: Swinging Strike
0-1: Ball
1-1: Ball
2-1: Swinging Strike
2-2: Strikes out looking
Batting: LHB Dave Richardson 0-0: Called Strike
0-1: Foul Ball, location: 3DF
0-2: Foul Ball, location: 2F
0-2: Ball
1-2: Foul Ball, location: 2RF
1-2: Strikes out swinging
Bottom of the 4th over - 1 run, 0 hits, 0 errors, 3 left on base; ACL Chicago (N) 2 - ACL Washington 3
TOP OF THE 5TH
ACL Chicago (N) Cubs batting - Pitching for ACL Washington Nationals : LHP Jim Unknown
Batting: RHB Dave Jones 0-0: Ball
1-0: Ball
2-0: Called Strike
2-1: Swinging Strike
2-2: Ground out 4-3 (Groundball, 4, EV 103.8 MPH)
Batting: RHB Alfredo Durán 0-0: Called Strike
0-1: Foul Ball, location: 3SF
0-2: Strikes out swinging
Batting: RHB Josh Belcher 0-0: Ball
1-0: Ball
2-0: SOLO HOME RUN (Flyball, 8LXD, EV 108.1 MPH), Distance : 432 ft
Batting: RHB José Valdés 0-0: Fly out, F4 (Popup, 34S, EV 86.3 MPH)
Top of the 5th over - 1 run, 1 hit, 0 errors, 0 left on base; ACL Chicago (N) 3 - ACL Washington 3
BOTTOM OF THE 5TH
ACL Washington Nationals batting - Pitching for ACL Chicago (N) Cubs : RHP Jim Unknown
Batting: SHB Miguel Angel Flores 0-0: Called Strike
0-1: Ball
1-1: SINGLE (Line Drive, 89S, EV 96.3 MPH)
Batting: RHB Tim Richardson 0-0: Ball
1-0: Bunted foul
1-1: Bunted foul
1-2: Foul Ball, location: 9LMF
1-2: Strikes out swinging
Batting: LHB Mike Vinson 0-0: Swinging Strike
0-1: Ball
1-1: Ball
Wild Pitch!
Miguel Angel Flores to second
2-1: Swinging Strike
2-2: Strikes out swinging
Batting: RHB Matt Picard 0-0: Ball
1-0: Foul Ball, location: 2F
1-1: Foul Ball, location: 2F
1-2: Strikes out swinging
Bottom of the 5th over - 0 runs, 1 hit, 0 errors, 1 left on base; ACL Chicago (N) 3 - ACL Washington 3
TOP OF THE 6TH
ACL Chicago (N) Cubs batting - Pitching for ACL Washington Nationals : LHP Jim Unknown
Batting: SHB Juan Martínez 0-0: Called Strike
0-1: Bunt for hit to 5S - play at first, batter safe!
Batting: LHB Víctor Rodríguez 0-0: Ball
1-0: Ball
2-0: Bunted foul
2-1: Sac Bunt to 3S - play at first, batter OUT! 3-4
Juan Martínez to second
Batting: RHB Sergio Vargas 0-0: Foul Ball, location: 2F
0-1: Ball
1-1: Ball
2-1: Called Strike
2-2: SINGLE (Line Drive, 4M, EV 105.0 MPH)
Juan Martínez to third
Pitching: RHP Jim Unknown
Batting: SHB António González 0-0: Foul Ball, location: 7LSF
0-1: Ball
1-1: 3-RUN HOME RUN (Flyball, 7D, EV 93.8 MPH), Distance : 360 ft
Batting: RHB Jim Unknown 0-0: Ball
1-0: Ball
2-0: Fly out, F9 (Flyball, 89XD, EV 109.4 MPH)
Batting: RHB Dave Jones 0-0: Ball
1-0: Called Strike
1-1: Swinging Strike
1-2: Ball
2-2: Ball
3-2: Strikes out looking
Top of the 6th over - 3 runs, 3 hits, 0 errors, 0 left on base; ACL Chicago (N) 6 - ACL Washington 3
BOTTOM OF THE 6TH
ACL Washington Nationals batting - Pitching for ACL Chicago (N) Cubs : RHP Jim Unknown
Batting: RHB Lou Turner 0-0: Foul Ball, location: 9LSF
0-1: Foul Ball, location: 23F
0-2: Ball
1-2: Foul Ball, location: 5DF
1-2: Foul Ball, location: 5F
1-2: SOLO HOME RUN (Flyball, 78XD, EV 101.3 MPH), Distance : 401 ft
Pitching: LHP Jim Unknown
Batting: SHB Andy Martin 0-0: Called Strike
0-1: Ball
1-1: Foul Ball, location: 2F
1-2: Strikes out looking
Batting: RHB Jim Unknown 0-0: Fly out, F4 (Popup, 13, EV 88.1 MPH)
Batting: RHB Beau Johnston 0-0: Called Strike
0-1: Swinging Strike
0-2: Ball
1-2: Strikes out looking
Bottom of the 6th over - 1 run, 1 hit, 0 errors, 0 left on base; ACL Chicago (N) 6 - ACL Washington 4
TOP OF THE 7TH
ACL Chicago (N) Cubs batting - Pitching for ACL Washington Nationals : RHP Jim Unknown
Batting: RHB Alfredo Durán 0-0: Ball
1-0: Ball
2-0: Ball
3-0: Base on Balls
Batting: RHB Josh Belcher 0-0: Swinging Strike
0-1: Ground out 5-3 (Groundball, 56S, EV 67.5 MPH)
Alfredo Durán to second
Batting: RHB José Valdés 0-0: Intentional Walk
Batting: SHB Juan Martínez 0-0: Fielders Choice at 2nd, 3-6 (Groundball, 13, EV 87.5 MPH)
Alfredo Durán to third
Batting: LHB Víctor Rodríguez 0-0: Ball
1-0: DOUBLE (Line Drive, 89M, EV 107.5 MPH)
Alfredo Durán scores
Juan Martínez to third
Batting: RHB Sergio Vargas 0-0: Called Strike
0-1: Called Strike
0-2: Ball
1-2: Ball
2-2: Strikes out swinging
Top of the 7th over - 1 run, 1 hit, 0 errors, 2 left on base; ACL Chicago (N) 7 - ACL Washington 4
BOTTOM OF THE 7TH
ACL Washington Nationals batting - Pitching for ACL Chicago (N) Cubs : LHP Jim Unknown
Batting: LHB Dave Richardson 0-0: Ground out 3-1 (Groundball, 34, EV 92.5 MPH)
Batting: SHB Miguel Angel Flores 0-0: Called Strike
0-1: Foul Ball, location: 2F
0-2: Ball
1-2: Foul Ball, location: 2F
1-2: DOUBLE (Line Drive, 9LM, EV 100.0 MPH)
Batting: RHB Tim Richardson 0-0: Ball
1-0: Foul Ball, location: 2F
1-1: Ball
2-1: Ball
3-1: Foul Ball, location: 25FF
3-2: Foul Ball, location: 9LMF
3-2: Base on Balls
Pinch Hitting: RHB Lonnie Wilson 0-0: Ball
1-0: Ball
2-0: Ball
3-0: Called Strike
3-1: Foul Ball, location: 5F
3-2: Foul Ball, location: 9LDF
3-2: DOUBLE (Flyball, 8RD, EV 99.4 MPH)
Miguel Angel Flores scores
Tim Richardson to third
Batting: RHB Matt Picard 0-0: Foul Ball, location: 2F
0-1: Ball
1-1: Called Strike
1-2: Strikes out swinging
Batting: RHB Lou Turner 0-0: Ball
1-0: Called Strike
1-1: Swinging Strike
1-2: Ball
2-2: Foul Ball, location: 2F
2-2: Strikes out swinging
Bottom of the 7th over - 1 run, 2 hits, 0 errors, 2 left on base; ACL Chicago (N) 7 - ACL Washington 5
TOP OF THE 8TH
ACL Chicago (N) Cubs batting - Pitching for ACL Washington Nationals : RHP Jim Unknown
Now in CF: Bob Bryant
Now in RF: Beau Johnston
Batting: SHB António González 0-0: Called Strike
0-1: Called Strike
0-2: Foul Ball, location: 2F
0-2: Ball
1-2: Foul Ball, location: 5FF
1-2: Ball
2-2: Strikes out swinging
Batting: RHB Jim Unknown 0-0: Ball
1-0: Ball
2-0: Ball
3-0: Base on Balls
Batting: RHB Dave Jones 0-0: Swinging Strike
0-1: Called Strike
0-2: Strikes out swinging
Batting: RHB Alfredo Durán 0-0: Ball
1-0: Ball
2-0: Ground out 5-3 (Groundball, 56S, EV 86.3 MPH)
Top of the 8th over - 0 runs, 0 hits, 0 errors, 1 left on base; ACL Chicago (N) 7 - ACL Washington 5
BOTTOM OF THE 8TH
ACL Washington Nationals batting - Pitching for ACL Chicago (N) Cubs : LHP Jim Unknown
Batting: SHB Andy Martin 0-0: Called Strike
0-1: DOUBLE (Flyball, 8LXD, EV 111.9 MPH)
Batting: RHB Jim Unknown 0-0: 2-RUN HOME RUN (Flyball, 7D, EV 96.9 MPH), Distance : 354 ft
Pitching: RHP Jim Unknown
Batting: RHB Beau Johnston 0-0: Called Strike
0-1: Ball
1-1: Called Strike
1-2: Foul Ball, location: 25F
1-2: Foul Ball, location: 2F
1-2: Hit by Pitch
Batting: LHB Dave Richardson 0-0: Sac Bunt to 2R - play at first, batter OUT! 2-3
Beau Johnston to second
Batting: SHB Miguel Angel Flores 0-0: Ball
Beau Johnston is caught stealing 3rd base 2-5
1-0: Ground out 3-1 (Groundball, 34, EV 88.1 MPH)
Bottom of the 8th over - 2 runs, 2 hits, 0 errors, 0 left on base; ACL Chicago (N) 7 - ACL Washington 7
TOP OF THE 9TH
ACL Chicago (N) Cubs batting - Pitching for ACL Washington Nationals : RHP Jim Unknown
Batting: RHB Josh Belcher 0-0: Called Strike
0-1: Ball
1-1: Fly out, F7 (Line Drive, 7, EV 90.0 MPH)
Batting: RHB José Valdés 0-0: Ball
1-0: Foul Ball, location: 3F
1-1: Foul Ball, location: 25F
1-2: Strikes out swinging
Batting: SHB Juan Martínez 0-0: Called Strike
0-1: Foul Ball, location: 7LDF
0-2: Ball
1-2: Strikes out swinging
Top of the 9th over - 0 runs, 0 hits, 0 errors, 0 left on base; ACL Chicago (N) 7 - ACL Washington 7
BOTTOM OF THE 9TH
ACL Washington Nationals batting - Pitching for ACL Chicago (N) Cubs : RHP Jim Unknown
Pinch Hitting: RHB Greg Norman 0-0: Called Strike
0-1: Ball
1-1: Ball
2-1: Swinging Strike
2-2: Foul Ball, location: 2F
2-2: DOUBLE (Line Drive, 78M, EV 107.5 MPH)
Batting: RHB Bob Bryant 0-0: Bunted foul
0-1: Sac Bunt to 3S - play at first, batter OUT! 3-1
Greg Norman to third
Batting: RHB Matt Picard 0-0: Intentional Walk
Batting: RHB Lou Turner 0-0: Ball
1-0: Foul Ball, location: 2F
1-1: Foul Ball, location: 2F
1-2: SINGLE (Groundball, 6, EV 100.0 MPH)
Greg Norman scores
Bottom of the 9th over - 1 run, 2 hits, 0 errors, 1 left on base; ACL Chicago (N) 7 - ACL Washington 8
Wednesday, May 1st , 2024 - OOTP Baseball 24.10 Build 82